[Event "Reykjavik Open 2025"]
[Site "Reykjavik"]
[Date "2025.04.10"]
[Round "3.33"]
[White "Petersen, Marcel"]
[Black "Kilic, Eray"]
[Result "0-1"]
[Annotator "TA"]
[ECO "B51"]
[WhiteElo "2185"]
[BlackElo "2473"]
[PlyCount "84"]
[EventDate "2025.04.09"]
[EventType "swiss"]
[EventCountry "ISL"]
[SourceTitle "playchess.com"]
[Source "ChessBase"]
[SourceQuality "1"]
[TimeControl "40/5400+30:1800+30"]

1. e4 c5 2. Nf3 d6 3. Bb5+ Nd7 4. O-O a6 5. Bxd7+ Bxd7 6. c3 Nf6 7. Re1 Bc6 8. d4 Bxe4 9. Bg5 Bc6 10. Bxf6 gxf6 11. d5 {[%emt 0:00:07] B51: Sicilian: Moscow Variation (3 Bb5+) without 3...Bd7.} Bd7 12. Nbd2 e5 13. dxe6 {[%emt 0:03:21] The position is equal.} Bxe6 14. Nc4 {[%emt 0:10:04] White sacrificed a pawn} d5 {[%emt 0:05:48] A sharp opening} 15. Ne3 Qd6 $146 (15... Be7 16. Qa4+ Qd7 17. Qxd7+ Kxd7 18. Nxd5 Bxd5 19. Rad1 Kc6 20. Rxe7 Rhe8 21. Rxe8 Rxe8 {0-1 Muzychuk,A (2561)-Edouard,R (2628) Cap d'Agde Karpov qual 5th rapid 2016 (3)}) 16. Qa4+ Qc6 17. Qf4 O-O-O 18. Qxf6 Rg8 19. Ne5 Qc7 20. Nf5 {[%emt 0:00:17][%cal Ob2b4] Dodges Bg7} Kb8 21. b4 cxb4 22. cxb4 Rc8 23. a3 Ka8 (23... Qd8 $11 24. Qxd8 Rxd8) 24. g3 $14 Re8 25. Rac1 {[%emt 0:05:06][%cal Ba1c1,Bc1c3,Bc3d3][%mdl 32] White has strong rooks and is better} Qb8 26. h4 (26. Nxf7 Rg6 27. Rxe6 Rxf6 28. Rxf6 Rc8 29. Rxc8 Qxc8 $14) 26... Bd6 {[%emt 0:02:48] [#]} 27. Nxd6 (27. Nxf7 Bxg3 (27... Rg6 $2 28. Qxg6 hxg6 29. N5xd6 $18) 28. Nxg3 (28. fxg3 $2 Rxg3+ 29. Nxg3 Qxg3+ 30. Kh1 Rg8 $19) 28... Rxg3+ 29. fxg3 Qxg3+ 30. Kh1 Rg8 $19) 27... Qxd6 {[%emt 0:00:03] Black is weak on the dark squares} 28. Rc3 (28. Nxf7 Rxg3+ 29. fxg3 Qxg3+ 30. Kh1 Rg8 $19) 28... d4 29. Rd3 (29. Nxf7 $2 Qb8 30. Qxd4 Bxf7 $19) 29... Qc7 30. Red1 $2 (30. Kh2 $16 {and life is bright.}) 30... Bc8 (30... Ba2 $17 31. Rxd4 Rxe5 (31... Qxe5 $2 32. Rd8+ Rxd8 33. Rxd8+ Rxd8 34. Qxe5 $18)) 31. Nxf7 (31. Qxf7 $2 Qxe5 32. b5 Be6 (32... Qxb5 $2 33. Rxd4 Bg4 34. Rb4 $19) 33. Qxh7 Bd5 $19 (33... axb5 $2 34. R3d2 $19) (33... Qxb5 $2 34. Rxd4 Bg4 35. Rc1 $19) (33... Bf5 $2 34. Qh5 $19)) (31. f4 $1 $11) 31... Ref8 32. Qxd4 (32. Rf3 Bg4 33. Rdd3 Qc1+ 34. Kh2 Qf1 $19) 32... Qxf7 33. b5 axb5 34. a4 (34. Qb2 {is a better defense.}) 34... Rg4 $19 35. Qc5 Rc4 (35... bxa4 $2 {perishes.} 36. Rd8 Rc4 (36... Rxd8 $2 37. Rxd8 Rg8 38. Qxc8+ Ka7 39. Rxg8 $18) 37. Qxf8 (37. Rxf8 Rxc5 38. Rxf7 h5 $18) 37... Qxf8 38. Rxf8 $18) 36. Qxb5 (36. Qb6 $19 Rc6 (36... bxa4 $2 37. Rd5 $19) (36... Rxa4 $2 37. Qc5 $19) 37. Qd4) 36... Qxf2+ {[%emt 0:00:36] Black mates.} 37. Kh1 Re4 38. Qa5+ Kb8 39. Rc1 {[%emt 0:01:13] [#]} Rxh4+ $1 40. gxh4 Qxh4+ 41. Kg2 Rf2+ 42. Kg1 Qh2# {[%emt 0:00:04] Weighted Error Value: White=0.54/Black=0.15 (very precise)   Loses game:     	White=1     	---        Mistake:       	White=3     	Black=2      Inaccurate:     	White=1     	Black=2      OK:         	White=10    	Black=8      Best:        	---       	Black=3} 0-1

[Event "Reykjavik Open 2025"]
[Site "Reykjavik"]
[Date "2025.04.10"]
[Round "3.34"]
[White "Saine, Zachary"]
[Black "Grettisson, Arnar Breki"]
[Result "1/2-1/2"]
[Annotator "ChessBase"]
[ECO "C54"]
[WhiteElo "2019"]
[BlackElo "1794"]
[PlyCount "56"]
[EventDate "2025.04.09"]
[EventType "swiss"]
[EventCountry "ISL"]
[SourceTitle "playchess.com"]
[Source "ChessBase"]
[SourceQuality "1"]
[TimeControl "40/5400+30:1800+30"]

1. e4 e5 2. Nf3 Nc6 3. Bc4 Bc5 4. c3 Nf6 5. d3 d6 6. O-O O-O 7. h3 h6 8. Re1 Re8 9. Nbd2 Be6 10. Bb5 a6 11. Bxc6 bxc6 12. d4 exd4 13. cxd4 Bb6 14. b3 d5 15. e5 Nd7 16. b4 a5 17. Qc2 axb4 18. Qxc6 Ra6 19. Nb3 Qa8 20. Qc2 Qa7 21. Be3 Ra8 22. Re2 Ra3 23. Bc1 Ra6 24. Be3 Ra3 25. Bc1 Ra4 26. Be3 Qa6 27. g4 Qc4 28. Qd2 Qa6 1/2-1/2

[Event "Reykjavik Open 2025"]
[Site "Reykjavik"]
[Date "2025.04.10"]
[Round "3.36"]
[White "Sokolovsky, Yahli"]
[Black "Sriansh Das"]
[Result "1-0"]
[Annotator "TA"]
[ECO "C95"]
[WhiteElo "2546"]
[BlackElo "2278"]
[PlyCount "143"]
[EventDate "2025.04.09"]
[EventType "swiss"]
[EventCountry "ISL"]
[SourceTitle "playchess.com"]
[Source "ChessBase"]
[SourceQuality "1"]
[TimeControl "40/5400+30:1800+30"]

1. e4 e5 2. Nf3 Nc6 3. Bb5 a6 4. Ba4 Nf6 5. O-O Be7 6. Re1 b5 7. Bb3 d6 8. c3 O-O 9. h3 Nb8 10. d4 Nbd7 11. Nbd2 Bb7 12. Bc2 Re8 13. Nf1 Bf8 14. Ng3 g6 15. a4 Bg7 16. Bd3 c6 {[%emt 0:00:06] C95: Closed Ruy Lopez: Breyer Variation with 10 d4.} 17. Bg5 h6 18. Be3 $1 {[%emt 0:02:40] 18.Be3 is better than 18.Bd2.} Qc7 {[%emt 0:02:18] White is slightly better.} 19. dxe5 dxe5 20. b4 Rad8 21. Qe2 Bf8 22. Reb1 $146 (22. Rec1 Nb6 23. c4 bxc4 24. Bxc4 Nxc4 25. Rxc4 Qd6 26. Rac1 Qd3 27. Qb2 Nd7 28. Nd2 {½-½ Chabris,C (2078)-Hajnal,Z (2383) New York 1000 GM Winter IM-C 2024 (3)}) 22... Nb6 23. a5 Nc8 ({Black should try} 23... Na4 $14 24. Rxa4 Rxd3 (24... bxa4 25. Bb6 $16) 25. Qxd3 bxa4) 24. c4 $16 Qd6 25. Ra3 Qe6 (25... Qc7 $16 26. c5 Na7) 26. c5 $18 Na7 27. Bc1 (27. Bc2 $18) 27... Bg7 $16 28. Bb2 Nh7 29. Rd1 Bc8 30. Bc2 Rxd1+ (30... Qc4 $1 $14) 31. Qxd1 Nf8 32. Rd3 Qe7 33. Qa1 (33. Nf1 $16) 33... Bd7 (33... f6 $14) 34. Nh2 (34. h4 $142) 34... Nc8 $2 {[%emt 0:06:49] [#]} (34... f6 $16) 35. f4 $1 $18 Qh4 36. Ne2 (36. Bxe5 Bxe5 37. fxe5 Qf4 $14) (36. fxe5 $6 Be6 $16) 36... Qe7 37. Rf3 Ne6 (37... Be6 $142 38. Ng3 (38. fxe5 Qc7 $16) (38. Bxe5 Bxe5 39. Qxe5 Bc4 $18) 38... Qd8) 38. Rf2 (38. fxe5 Ng5 $16) (38. Bxe5 $6 Bxe5 39. fxe5 (39. Qxe5 Ng5 $16) 39... Ng5 $18) 38... Nf8 39. f5 Nh7 40. Bb3 gxf5 41. exf5 Kf8 $2 (41... h5 42. Nf3 Ng5) 42. Ng4 f6 43. Ng3 Rd8 44. Qc1 Be8 45. Nxh6 $2 ({White should try} 45. Nxe5 $18 {aiming for Ng6+.} Qc7 46. Ng6+ Bxg6 47. fxg6 Qxg3 48. gxh7 Qxb3 49. Qxh6 (49. Bxf6 $2 Rd1+ 50. Kh2 Rxc1 $19) 49... Bxh6 50. h8=Q+ (50. h8=B Qe3) 50... Ke7 51. Bxf6+ (51. Qxh6 Kd7 $18) 51... Ke6 52. Qxd8) 45... Rd3 $1 $11 46. Rf3 $1 Rxf3 47. gxf3 Ng5 48. Ng4 Nxh3+ 49. Kh2 Nf4 50. Qc2 Bh8 51. Bc1 Qh7+ $1 52. Kg1 Qh3 53. Qh2 $36 {[%emt 0:01:13][%mdl 2048] White is more active. Some like it hot} Qxg3+ 54. Qxg3 Ne2+ {[%emt 0:00:01] Excellent horsemanship.} 55. Kg2 Nxg3 56. Kxg3 Bd7 {[%emt 0:00:46] [#]} (56... Ne7 $11 {keeps the balance.}) 57. Bh6+ $1 $16 {[%emt 0:01:08] White stays focused until the end.} Bg7 $2 (57... Ke7 $16 {keeps fighting.}) 58. Nxf6 $18 Bxf5 59. Bxg7+ Kxg7 60. Ng4 Bxg4 (60... Ne7 61. Nxe5 Kf6) 61. fxg4 {[%emt 0:00:08][%mdl 4096] Endgame KB-KN} Kf6 62. Bc2 Ne7 63. Be4 Kg5 64. Bh1 Kf6 65. Kh4 e4 66. Bxe4 Ke5 67. Bg2 Kf4 68. Kh5 Ke5 69. Kg5 Ke6 70. Kf4 Kf6 71. Be4 Ke6 72. g5 {[%emt 0:00:00] Weighted Error Value: White=0.24 (precise) /Black=0.44  Loses game:     	---       	Black=2      Mistake:       	White=3     	Black=8      Inaccurate:     	White=3     	Black=4      OK:         	White=15    	Black=15     Best:        	White=2     	Black=3      Strong:       	White=1     	Black=1      Brilliant:      	White=1     	---} 1-0

[Event "Reykjavik Open 2025"]
[Site "Reykjavik"]
[Date "2025.04.10"]
[Round "3.37"]
[White "Kadric, Denis"]
[Black "Khaledi, Omid"]
[Result "1/2-1/2"]
[Annotator "TA"]
[ECO "B21"]
[WhiteElo "2533"]
[BlackElo "2228"]
[PlyCount "89"]
[EventDate "2025.04.09"]
[EventType "swiss"]
[EventCountry "ISL"]
[SourceTitle "playchess.com"]
[Source "ChessBase"]
[SourceQuality "1"]
[TimeControl "40/5400+30:1800+30"]

1. e4 c5 2. Be2 Nc6 3. f4 d6 4. Nf3 g6 5. O-O Bg7 6. d3 e6 {[%emt 0:02:15] B21: Sicilian: 2 f4 and Morra Gambit.} 7. c3 Nge7 8. Na3 a6 9. d4 $146 (9. Nc2 Bd7 10. Qe1 Qc7 11. Rb1 f5 12. Kh1 h6 13. Bd2 Bf6 14. b4 cxb4 15. Nxb4 {1-0 Johlke,L (1650)-Stegmann,J (1705) Greifswald Springer op 2023 (7)}) 9... cxd4 10. cxd4 b5 11. Nc2 Bb7 12. Bd3 Qd7 13. Qe2 O-O 14. Bd2 f5 15. e5 dxe5 16. fxe5 Nd5 17. Rad1 Nce7 18. Na1 Nb6 19. Nb3 Bd5 ({Black should try} 19... Na4 $15) 20. Nc5 $1 $11 Bxf3 21. Qf2 Qd5 22. gxf3 Nc6 23. f4 Rfe8 (23... Qxa2 24. Be2 $14) (23... Nxd4 $2 24. Be3 $18) 24. b3 Bf8 (24... Qxd4 $6 25. Be3 Qb4 26. Nxe6 Rxe6 27. Bxb6 $16) 25. Be3 Nb4 26. Be2 Qd8 27. Bf3 N4d5 28. Bd2 Ra7 29. Ba5 Nxf4 30. Qg3 {[%emt 0:00:29] Repels Nh3+} g5 31. Kh1 (31. Bxb6 Qxb6 32. b4 Rg7 $17) (31. Nb7 $2 Rxb7 32. Kh1 Rg7 $19) 31... Rg7 32. Nb7 Qb8 33. Bxb6 {[%emt 0:00:02] [#]} Rxb7 (33... h6 $5) 34. Qxg5+ (34. Bxb7 Qxb7+ 35. Rf3 (35. d5 $2 Nxd5 36. Qxg5+ Bg7 $19) 35... Ng6 $17 (35... Qxb6 36. Rxf4 h6 37. d5 $16)) 34... Ng6 (34... Rg7 $6 35. Qxf4 Qxb6 36. d5 $16) 35. Ba5 {[%emt 0:04:23] This pair of bishops is nice.} (35. Bxb7 $2 Qxb7+ 36. d5 Qxb6 $17) 35... Rg7 36. Qh5 Nf4 (36... b4 $1 $11 37. Be2 Kh8) 37. Qh4 $14 Ng6 38. Qf2 b4 39. Be2 {[%emt 0:01:17] Against Qb5} ({Better is} 39. Rc1 $14) 39... Kh8 $11 40. Rg1 (40. Bxa6 $2 {is the wrong capture.} Qa8+ 41. d5 Qxa6 $19) 40... Rc8 41. Bc4 Qb7+ 42. Qg2 {[%emt 0:00:03][%cal Og2b7] [#] Active counter play!} Qe7 43. Qf2 Qb7+ 44. Qg2 {[%emt 0:00:00][%cal Og2b7] Threatens to win with Qxb7!.} Qe7 45. Qf2 {[%emt 0:04:14] Weighted Error Value: White=0.08 (flawless) /Black=0.10 (very precise)   Mistake:       	White=1     	Black=2      Inaccurate:     	White=5     	Black=4      OK:         	White=14    	Black=16     Best:        	White=6     	Black=3      Strong:       	White=1     	---} 1/2-1/2

[Event "Reykjavik Open 2025"]
[Site "Reykjavik"]
[Date "2025.04.10"]
[Round "3.38"]
[White "Dushyant Sharma"]
[Black "Cornette, Matthieu"]
[Result "1-0"]
[Annotator "TA"]
[ECO "B33"]
[WhiteElo "2313"]
[BlackElo "2528"]
[PlyCount "41"]
[EventDate "2025.04.09"]
[EventType "swiss"]
[EventCountry "ISL"]
[SourceTitle "playchess.com"]
[Source "ChessBase"]
[SourceQuality "1"]
[TimeControl "40/5400+30:1800+30"]

1. e4 c5 2. Nf3 Nc6 3. d4 cxd4 4. Nxd4 e5 5. Nb5 d6 6. N1c3 a6 7. Na3 Be6 8. Be3 Nf6 {[%emt 0:02:06] 8...Rb8 gains popularity.} 9. Nc4 b5 10. Nb6 Rb8 {[%emt 0:01:24] B33: Sicilian: Pelikan and Sveshnikov Variations.} 11. a4 Ng4 (11... Rxb6 $11 12. axb5 Rxb5 13. Rxa6 (13. Nxb5 axb5 14. Bxb5 Bd7 $11) 13... Rxb2 14. Rxc6 (14. Bb5 Rxb5 15. Nxb5 Qd7 $15) 14... Be7) 12. axb5 $146 (12. Nbd5 b4 13. Ne2 Nxe3 14. Nxe3 g6 15. Ng3 Qc8 16. Bc4 Bxc4 17. Nxc4 Nd4 18. b3 {½-½ Zelesco,K (2048)-Sukandar,I (2349) Doeberl Cup Premier 50th 2012 (8)}) 12... Nxe3 {[%emt 0:01:28] Black sacrificed a pawn. White is slightly better.} 13. fxe3 {[%emt 0:00:05] A sharp opening} Qxb6 (13... Rxb6 14. bxc6 Qc8 15. Nd5 Rxc6 16. c3 Bxd5 17. exd5 $16) 14. bxc6 Qxe3+ (14... Be7 $11 {remains equal.}) 15. Qe2 $16 Qc5 16. Qxa6 {[%emt 0:02:34] White plays on the queen side and is better} Be7 17. Qa7 O-O {[%emt 0:06:50][%cal Ob8b6] [#] ...Rb6! is the strong threat.} 18. Qxc5 ({Worse is} 18. Qxe7 Rxb2 19. Ne2 Qb4+ (19... Rxc2 $2 20. Rd1 $19) (19... Qxc6 20. Rd1 $17) 20. Kf2 Rxc2 $17) 18... dxc5 19. Nd5 Bxd5 20. exd5 {[%emt 0:00:20][%cal Be4d5,Bd5d6][%mdl 32] c7 would now be deadly.} Rxb2 $2 {[%emt 0:00:03][%mdl 8192] [#]} (20... Bd6 $16) 21. d6 $1 {[%emt 0:02:03][%mdl 512] Weighted Error Value: White=0.03 (flawless) /Black=0.56  Loses game:     	---       	Black=1      Mistake:       	---       	Black=2      OK:         	White=6     	Black=5      Best:        	White=2     	Black=1} 1-0

[Event "Reykjavik Open 2025"]
[Site "Reykjavik"]
[Date "2025.04.10"]
[Round "3.39"]
[White "Briem, Benedikt"]
[Black "Papp, Gabor"]
[Result "1/2-1/2"]
[Annotator "TA"]
[ECO "E06"]
[WhiteElo "2249"]
[BlackElo "2502"]
[PlyCount "251"]
[EventDate "2025.04.09"]
[EventType "swiss"]
[EventCountry "ISL"]
[SourceTitle "playchess.com"]
[Source "ChessBase"]
[SourceQuality "1"]
[TimeControl "40/5400+30:1800+30"]

1. d4 Nf6 2. c4 e6 3. Nf3 d5 4. g3 Be7 5. Bg2 O-O 6. O-O a5 7. Ne5 c6 8. Nc3 Nfd7 9. Nxd7 Nxd7 10. Qd3 b6 11. b3 Ba6 12. Rd1 Rc8 13. Bb2 Qc7 14. Rac1 Rfd8 15. e4 dxc4 16. Qe2 b5 17. bxc4 bxc4 18. f4 Rb8 19. Ba1 Nb6 20. Qg4 Bf8 21. Kh1 Bc8 22. Qh5 f5 23. exf5 exf5 24. Qe2 Qf7 25. Bxc6 Bb7 26. Qf3 Bxc6 27. Qxc6 Rd6 28. Qb5 Qh5 29. Kg2 Rh6 30. h4 Rg6 31. Rf1 (31. Kf2 $17) 31... Qxh4 $19 32. Rf3 {[%emt 0:00:08] [#]} Qf6 (32... Qg4 $142 $1 33. Rh1 Rd8) 33. Nd5 $17 Qe6 (33... Qc6 34. Qxc6 Rxc6 35. Ne3 Re8) 34. Ne3 Rd8 35. Qxf5 Qc6 (35... Qxf5 36. Nxf5 Bb4 37. Ne3 Re6) 36. Rc2 $2 (36. Qc2 $11) 36... Nd5 $2 (36... Re6 $19 37. Kf2 Rh6) 37. Nxd5 $1 $15 Rxd5 38. Qe4 Rh6 39. f5 Qb5 40. a4 Qc6 41. Bb2 Rf6 42. Bc1 Rf7 (42... Rfxf5 $2 43. Rxf5 Rd6 44. d5 $18 (44. Qxc6 Rxc6 45. Rxa5 Rc8 $18)) (42... Rfd6 43. Rfc3 Rxd4 44. Qxc6 Rxc6 45. Be3 Rg4) 43. Rfc3 Rfxf5 (43... Re7 $5 44. Qf3 $8 (44. Rxc4 $2 Qxc4 45. Rxc4 Rxe4 $19) 44... Qd7 45. Rxc4 Rxf5 $11) 44. Rxc4 Qg6 45. Re2 (45. Bf4 {simplifies} Rd8 46. Rc8 Rxc8 47. Rxc8 Qf7 48. Rc7) 45... Rd6 46. Qe8 Rf7 47. Qe4 $1 Re7 48. Qxg6 Rxe2+ 49. Kf3 Rxg6 50. Kxe2 Rxg3 51. Bd2 Rg2+ 52. Ke1 h5 53. d5 g5 54. Bxa5 h4 55. Kf1 h3 56. Bc7 Rd2 57. Rc3 g4 (57... h2 $5 58. Rh3 $8 Rxd5 $11) 58. Rg3 $2 (58. Rc4 $11) 58... Rd1+ (58... Rxd5 59. Rxg4+ Kf7 60. Rf4+ Ke8 61. Rf3 $11) (58... Rd4 $1 $19 {[%cal Og8f7] is more deadly.} 59. a5 Kh7 (59... Rxd5 60. Rxg4+ Kf7 61. Ra4 $11)) 59. Ke2 Rd4 60. Rd3 Rxa4 61. Kf2 Ra2+ 62. Kg1 Bc5+ 63. Kh1 Ra1+ 64. Kh2 {[%emt 0:00:01] [#]} Bg1+ (64... Bf2 $1 {And now ...Ra2 would win.} 65. Rd2 Bg1+ 66. Kg3 h2 67. Rxh2 Bxh2+ 68. Kxh2 Ra3) 65. Kg3 $17 h2 66. Kg2 h1=Q+ 67. Kxh1 Bb6+ 68. Kg2 Bxc7 69. d6 Bd8 70. Rd4 Kf7 71. Rxg4 Rd1 72. Kf3 Bf6 73. Ra4 Ke6 74. d7 Rxd7 75. Ra6+ Kf5 76. Ra5+ Be5 77. Ke3 Rh7 78. Ra8 Rh3+ 79. Kd2 Ke4 80. Kc2 Rh2+ 81. Kb3 Rb2+ 82. Kc4 Rc2+ 83. Kb4 Bd6+ 84. Kb3 Kd3 85. Ra7 Rc3+ 86. Kb2 Rc6 87. Rb7 Be5+ 88. Kb3 Rc1 89. Ka4 Bd4 90. Rb3+ (90. Kb5 $11) 90... Kc4 $15 91. Rb4+ Kd5 ({Better is} 91... Kc5 $1 $15 92. Rb5+ Kc6) 92. Kb5 $1 $11 Rc8 93. Ka4 Bc5 94. Rb5 (94. Rb7 $11) 94... Ra8+ $17 95. Ra5 Rg8 96. Rb5 Rg4+ 97. Ka5 Kc6 (97... Rg7 $17 98. Ka4 Kc6) 98. Ka6 $11 Ra4+ (98... Rg7 $2 99. Rb6+ Kd5 100. Rb7 $19) 99. Ra5 Rb4 100. Rb5 $1 Ra4+ 101. Ra5 Rh4 102. Rb5 $1 Rh8 (102... Rh7 $2 103. Rb6+ Kd5 104. Rb7 Rh6+ 105. Kb5 $19) 103. Rb6+ $1 Kd5 104. Rb7 Kc4 (104... Kc6 $2 105. Rb6+ Kd5 106. Rb7 $19) 105. Rd7 Rb8 106. Rc7 Rb1 107. Rc6 Ra1+ 108. Kb7 Ra7+ 109. Kc8 Rg7 110. Rc7 Rg6 111. Rd7 Bd6 112. Rd8 Kd5 113. Rd7 Rg8+ 114. Rd8 Rg2 115. Rd7 (115. Kb7 Rb2+ 116. Ka6 Kc6 117. Rc8+ Bc7 118. Rxc7+ Kxc7 119. Ka5 Kc6 120. Ka4 Kd5 121. Ka3 Rb5 122. Ka4 Kc4 123. Ka3 Kc3 124. Ka2 Ra5+ 125. Kb1 Ra8 126. Kc1 Ra1#) 115... Ra2 116. Rb7 Ke6 (116... Kc6 $2 117. Rc7+ Kd5 118. Rf7 $19) 117. Rb5 Ra7 118. Rb6 Rc7+ 119. Kb8 Kd5 120. Ka8 Rh7 121. Rb7 Rh1 122. Rb6 Kc5 123. Ra6 Rh7 124. Ra4 Rh8+ (124... Kb6 $2 125. Ra6+ $19) 125. Kb7 Kb5 126. Rg4 1/2-1/2

[Event "Reykjavik Open 2025"]
[Site "Reykjavik"]
[Date "2025.04.10"]
[Round "3.40"]
[White "Zierk, Steven"]
[Black "Gajcin, Marina"]
[Result "1-0"]
[Annotator "TA"]
[ECO "B30"]
[WhiteElo "2501"]
[BlackElo "2217"]
[PlyCount "109"]
[EventDate "2025.04.09"]
[EventType "swiss"]
[EventCountry "ISL"]
[SourceTitle "playchess.com"]
[Source "ChessBase"]
[SourceQuality "1"]
[TimeControl "40/5400+30:1800+30"]

1. e4 c5 2. Nf3 Nc6 3. Bb5 Nf6 4. Bxc6 dxc6 5. d3 Qc7 6. Nbd2 {[%emt 0:01:31][%cal Bb1d2,Bd2f1,Bf1e3][%mdl 32] B30: Sicilian: 2...Nc6 3 Bb5, lines without ...g6.} e5 7. O-O b5 $146 (7... Be6 8. a4 h6 9. b3 Be7 10. Bb2 Nd7 11. Nc4 Bf6 12. Nfd2 g5 13. Ne3 O-O-O {0-1 Volokitin,A (2643)-Ter Sahakyan,S (2611) Chessable Masters Play In blitz 2025 (9)}) 8. b3 {[%emt 0:10:02] The position is equal.} Be7 9. Bb2 Nd7 10. Re1 Rb8 11. Nf1 O-O 12. Ne3 Re8 13. a4 a6 14. Kh1 f6 15. g4 (15. axb5 $1 $14 axb5 16. Nf5) 15... c4 16. dxc4 (16. axb5 $11 cxd3 17. bxa6) 16... bxa4 $15 17. Rxa4 Nc5 18. Ra1 Nxe4 19. Qe2 Bc5 20. Rg1 Qb6 21. Rae1 (21. Nd1 $15 Nxf2+ 22. Nxf2 Bxf2 23. Rg2) 21... Bxe3 $17 22. fxe3 c5 23. h3 Qe6 (23... a5 $17 24. Ra1 Bb7) 24. Kh2 {[%emt 0:01:56] [#]} h5 25. Qf1 (25. Qd3 $11) 25... hxg4 26. Rxg4 Qc6 27. Rg1 (27. Rg6 $142) 27... Bb7 (27... g5 $142 28. Qg2 Qe6) 28. Re2 Rbd8 {[%emt 0:00:11] Against Nd2} 29. Nh4 {[%emt 0:03:21] [#]} (29. Bc1 $17 {was necessary.}) 29... Ng5 $2 (29... g5 $1 $19 30. Qf5 Qd7 31. Qg6+ Qg7) 30. e4 $1 $15 Nxe4 31. Bc1 {[%emt 0:00:30] Wards off Ng5} Rd7 32. Nf5 {[%emt 0:09:49] [#]} (32. Qf5 $11 {remains equal.} Qe6 33. Qg6) 32... Ng5 33. Bxg5 $11 fxg5 34. Rxg5 Qf6 35. h4 Rd4 $2 (35... Red8 $11 {and Black stays safe.}) 36. Qg1 (36. Rxg7+ $18 {and White stays clearly on top.} Kf8 37. Rf2 (37. Rxb7 Rxh4+ 38. Nxh4 Qxf1 $11)) 36... Rf4 $16 37. Rf2 $2 {[%emt 0:02:05] White is more active.} (37. Nxg7 $2 Rxh4+ 38. Kg3 Qf4#) (37. Rxg7+ $16 Kh8 38. Qg5 (38. Rxb7 $2 Rxf5 39. Qg4 Rg8 $19) 38... Rxf5 39. Qxf6 (39. Rxb7 $2 Rxg5 40. hxg5 Qf4+ 41. Kg1 Rd8 $19) 39... Rxf6 40. Rxb7) 37... Rxf2+ $15 38. Qxf2 Rf8 $2 (38... Be4 $1 $15 {keeps the upper hand.} 39. Rxg7+ Kh8) 39. Qxc5 {[%emt 0:01:51] And now Ne7+ would win.} (39. Rxg7+ $2 Qxg7 40. Qg3 Rxf5 $19) 39... Be4 $2 (39... Rf7 40. Qd6 Qxd6 41. Nxd6 Re7 42. Nxb7 Rxb7 43. Rxe5 Rd7) 40. Ne7+ $18 (40. Rxg7+ Kh8 41. Re7 Bxf5 (41... Qxf5 42. Qxe5+ Qxe5+ 43. Rxe5 $17) 42. Qxe5 Qxe5+ (42... Bxc2 43. Qxf6+ Rxf6 44. b4 $15) 43. Rxe5 Bxc2 $19) 40... Kf7 41. Nd5 {[%emt 0:04:16] Prevents Qf4+.} (41. Rxe5 Qxh4+ (41... Bxc2 42. Qd5+ Ke8 43. Nf5+) 42. Kg1 Qe1+ (42... Bxc2 43. Qd5+ Ke8 44. Ng8+) 43. Kh2 Rh8+ 44. Rh5 g5 45. Qxg5 Qf2+ 46. Kh3 Bg2+ 47. Kh2 Bc6+ 48. Kh3 Bd7+) 41... Qh6 42. Kg3 {[%emt 0:00:58] Intending Qf2+ and mate.} (42. Rxe5 {leads to mate.} Qxh4+ (42... Bxc2 $2 {loses.} 43. Qf2+ Kg8 44. Ne7+ Kh7 45. Qxc2+ $18) 43. Kg1 Qe1+ (43... Bxc2 44. Qe7+ Qxe7 45. Rxe7+ Kg8 46. Re3 $14) 44. Kh2 Rh8+) 42... Kg8 43. Ne7+ (43. Rxe5 Rf3+ 44. Kg4 Qg6+ 45. Rg5 Qe6+ 46. Kh5 Qe8+ 47. Kg4 Qd7+ 48. Kh5 g6+ (48... Bxc2 49. Qe7 $11) 49. Rxg6+ Bxg6+ 50. Kxg6 Qg7+ 51. Kh5 Rf5#) 43... Kh7 44. Qxe5 Rf3+ 45. Kg4 Re3 46. Nf5 Bf3+ 47. Kf4 Rxe5 48. Nxh6 Rxg5 49. hxg5 {[%emt 0:00:07][%mdl 4096] Endgame KB-KN. White is two pawns up.} Bd1 50. Nf5 {[%emt 0:00:22] White mates.} Bxc2 51. Nd4 Bd3 52. c5 Bf1 53. c6 Kg6 54. Nf5 Bh3 55. Nd6 {[%emt 0:00:09] What a bad dream for Black.   Weighted Error Value: White=0.27 (precise) /Black=0.56  Loses game:     	---       	Black=2      Missed win:     	---       	Black=1      Mistake:       	White=9     	Black=5      Inaccurate:     	White=1     	Black=3      OK:         	White=9     	Black=16     Best:        	White=3     	Black=5      Strong:       	White=1     	---} 1-0